 Dungeon Crawl Stone Soup version 0.32-a0-607-g64ea0e4219 (webtiles) character file.

Game seed: 1884844244332810794

28 CrazyBamboolord the Firebug (level 3, -3/25 HPs)
             Began as a Demonspawn Fire Elementalist on Mar 4, 2024.
             Slain by an ogre
             ... wielding a +0 giant club
              (28 damage)
             ... on level 2 of the Dungeon.
             The game lasted 00:01:41 (1207 turns).

CrazyBamboolord the Firebug (DsFE)                  Turns: 1207, Time: 00:01:42

Health: -3/25      AC:  3    Str:  8    XL:     3   Next: 0%
Magic:  0/6        EV: 12    Int: 17    God:
Gold:   55         SH:  0    Dex: 13    Spells: 3/6 levels left

rFire   . . .        m - +2 dagger (freeze)
rCold   . . .        (no shield)
rNeg    . . .        a - +0 robe
rPois   .            (helmet restricted)
rElec   .            (no cloak)
rCorr   .            d - +0 pair of gloves
SInv    .            (no boots)
Will    .....        (no amulet)
Stlth   ++           (no ring)
HPRegen 0.24/turn    (no ring)
MPRegen 0.10/turn

%: no passive effects
@: no status effects
A: antennae 1
a: no special abilities


You were on level 2 of the Dungeon.
You visited 1 branch of the dungeon, and saw 2 of its levels.

You collected 55 gold pieces.

Inventory:

Hand Weapons
 m - a +2 dagger of freezing (weapon)
Missiles
 c - 3 javelins
 e - 21 stones
Armour
 a - a +0 robe (worn)
 d - a +0 pair of gloves (worn)
Scrolls
 g - a scroll of poison {unknown}
 h - a scroll of summoning {unknown}
 i - a scroll of amnesia {unknown}
 j - a scroll of silence {unknown}
 l - a scroll of revelation {unknown}
Potions
 b - a potion of magic
 k - a potion of might {unknown}


   Skills:
 + Level 0.5 Fighting
 + Level 1.9 Dodging
 + Level 2.0 Stealth
 * Level 2.3 Spellcasting
 * Level 1.6 Conjurations
 * Level 3.0 Fire Magic


You had 3 spell levels left.
You knew the following spells:

 Your Spells              Type           Power      Damage    Failure   Level
a - Foxfire               Conj/Fire      36%        2x1d5     8%          1
b - Scorch                Fire           24%        2d6       9%          2

Your spell library contained the following spells:

 Spells                   Type           Power      Damage    Failure   Level
 Inner Flame              Hex/Fire       7%         N/A       30%         3
 Volatile Blastmotes      Fire/Tloc      14%        2d11      30%         3
 Flame Wave               Conj/Fire      9%         2d6       58%         4


Dungeon Overview and Level Annotations

Branches:
Dungeon (2/15)

Altars:


Innate Abilities, Weirdness & Mutations

You have a pair of small antennae on your head.


Message History

You kill the frilled lizard!
Your Fire Magic skill increases to level 3!
You have reached level 3!
Your experience leads to an increase in your attributes!
Increase (S)trength, (I)ntelligence, or (D)exterity?
You feel clever. x2
Okay, then.
Your foxfire dissipates!
Your foxfire dissipates! x2
An ogre comes into view. It is wielding a +0 giant club.
An ogre is nearby!
A bat comes into view.
Found 13 gold pieces.
You conjure some foxfire!
You conjure some foxfire!
The foxfire hits the ogre.
The ogre is lightly wounded.
The foxfire hits the ogre.
The ogre is moderately wounded.
You conjure some foxfire!
The foxfire hits the ogre.
The ogre is moderately wounded.
The foxfire hits the ogre.
The ogre is heavily wounded.
You conjure some foxfire!
The foxfire hits the ogre.
The ogre is severely wounded.
The foxfire hits the ogre.
The ogre is severely wounded.
You conjure some foxfire!
The foxfire hits the ogre.
The ogre is severely wounded.
The foxfire hits the bat.
The bat is moderately wounded.
You conjure some foxfire!
The foxfire hits the ogre but does no damage.
The ogre is severely wounded.
The foxfire hits the ogre.
The ogre is almost dead.
The foxfire hits the bat.
The bat is heavily wounded.
The ogre hits you with a +0 giant club!!
Ouch! That really hurt!
You die...

........$....#
.............##
..$..........'.
.............#
.............#
.......§.....+
......Ob§..?.#
.......@.....#
......§v§....#
.........#####
.........#
.........#
.........#
.........#
.........#
.........#######


You could see an ogre (ally target) and a bat.

Vanquished Creatures
  2 bats (D:1)
  3 endoplasms (D:1)
  5 goblins
  2 hobgoblins (D:1)
  3 kobolds
  3 quokkas
  3 ball pythons
  A frilled lizard (D:2)
  3 rats (D:1)
25 creatures vanquished.

Vanquished Creatures (others)
  95 foxfires
95 creatures vanquished.

Grand Total: 120 creatures vanquished

Notes
Turn   | Place    | Note
-------+----------+-------------------------------------------
     0 | D:1      | CrazyBamboolord the Demonspawn Fire Elementalist began the
                  | quest for the Orb.
     0 | D:1      | Reached XP level 1. HP: 13/13 MP: 3/3
   247 | D:1      | Gained mutation: You have a pair of small antennae on your
                  | head. [demonic ancestry]
   247 | D:1      | Reached XP level 2. HP: 19/19 MP: 0/5
   945 | D:2      | Learned a level 2 spell: Scorch
  1164 | D:2      | Reached skill level 3 in Fire Magic
  1164 | D:2      | Reached XP level 3. HP: 25/25 MP: 3/6
  1200 | D:2      | Noticed an ogre
  1207 | D:2      | Slain by an ogre

Illustrated notes

Levels and vault maps discovered:
D:1:      psy_arrival_whirlpool, layout_rooms, minmay_misc_feat_cross,
          chequers_serial_rivers_micro_d, kennysheep_flooded_box
D:2:      layout_basic

Skill      XL: |  1  2 |
---------------+-------+-----
Stealth        | 2 |  2.0
Fire Magic     | 3 |  3.0
Fighting       | |  0.5
Dodging        | |  1.9
Spellcasting   | |  2.3
Conjurations   | |  1.6

Action                     || total
---------------------------++-------
  Melee: Unarmed           ||     2
         Dagger            ||     6
   Cast: Foxfire           ||    58
 Armour: Robe              ||    11
  Dodge: Dodged            ||     9

Table legend: (Time is in decaauts)
 A = Elapsed time spent in this place.
 B = Non-inter-level travel time spent in this place.
 C = Inter-level travel time spent in this place.
 D = Time resting spent in this place.
 E = Time spent auto-exploring this place.
 F = Levels seen in this place.
 G = Mean time per level.
                   A        B        C        D        E       F      G
               +--------+--------+--------+--------+--------+-----+--------+
         Total |   1207 |   1182 |     25 |      0 |    990 |   2 |  603.5 |
       Dungeon |   1207 |   1182 |     25 |      0 |    990 |   2 |  603.5 |
               +--------+--------+--------+--------+--------+-----+--------+

Top non-repeatable levels by time:
     D:1: 942 daAuts
     D:2: 265 daAuts
